 Dungeon Crawl Stone Soup version 0.31-a0-609-g7bf6ffcfed (webtiles) character file.

Game seed: 14335876749345427030

4036 cforsyth the Prestidigitator (level 10, -4/72 (76) HPs)
             Began as a Gnoll Artificer on Aug 21, 2023.
             Slain by a two-headed ogre
             ... wielding a +0 giant club
              (20 damage)
             ... on level 8 of the Dungeon.
             The game lasted 00:17:17 (8190 turns).

cforsyth the Prestidigitator (Gnoll Artificer)      Turns: 8190, Time: 00:17:17

HP:   -4/72 (76)    AC:  6    Str: 12    XL:     10   Next: 24%
MP:   17/17         EV: 13    Int: 15    God:
Gold: 370           SH:  0    Dex: 12    Spells: 19/19 levels left

rFire   + . .        D - +3 long sword (freeze)
rCold   . . .        (no shield)
rNeg    . . .        w - +3 leather armour {rF+}
rPois   .            (no helmet)
rElec   .            (no cloak)
rCorr   .            (no gloves)
SInv    .            (no boots)
Will    .....        k - amulet of regeneration
Stlth   +++          (no ring)
HPRegen 1.12/turn    (no ring)
MPRegen 0.15/turn

%: no passive effects
@: studying Ranged Weapons, drained
A: fangs 1, strong nose, distributed training
a: no special abilities


You were on level 8 of the Dungeon.
You visited 2 branches of the dungeon, and saw 9 of its levels.

You collected 417 gold pieces.
You spent 47 gold pieces at shops.

Inventory:

Hand Weapons
 e - a +2 dagger of venom
 o - a +0 short sword of freezing
 v - a +2 short sword of draining
 D - a +3 long sword of freezing (weapon)
Missiles
 u - 3 throwing nets
Armour
 w - a +3 leather armour of fire resistance (worn)
Jewellery
 h - a ring of ice
 k - an amulet of regeneration (around neck)
 m - an amulet of magic regeneration
 p - an amulet of faith
 B - a +6 ring of strength
Wands
 b - a wand of light (3)
 c - a wand of flame (33) (quivered)
 d - a wand of charming (9)
 r - a wand of mindburst (4)
 G - a wand of digging (7)
Scrolls
 a - a scroll of fear
 f - a scroll of poison {unknown}
 l - 7 scrolls of identify
 n - a scroll of amnesia
 s - a scroll of silence
 x - 2 scrolls of blinking
 y - a scroll of enchant weapon {unknown}
 C - a scroll of immolation {unknown}
 E - 2 scrolls of revelation {unknown}
 F - a scroll of acquirement {unknown}
Potions
 g - a potion of berserk rage
 i - 2 potions of haste
 j - 9 potions of curing
 q - a potion of ambrosia
 t - 2 potions of attraction
 z - 2 potions of heal wounds {unknown}
 A - a potion of magic {unknown}
 H - a potion of enlightenment {unknown}
 I - 2 potions of cancellation {unknown}


   Skills:
 + Level 5.8 Fighting
 + Level 5.2 Short Blades
 + Level 5.2 Long Blades
 + Level 5.2 Axes
 + Level 5.2 Maces & Flails
 + Level 5.2 Polearms
 + Level 5.2 Staves
 + Level 7.4 Ranged Weapons
 + Level 5.2 Throwing
 + Level 7.0 Armour
 + Level 5.8 Dodging
 + Level 5.7 Stealth
 + Level 5.2 Shields
 + Level 5.2 Unarmed Combat
 + Level 5.2 Spellcasting
 + Level 4.3 Conjurations
 + Level 4.3 Hexes
 + Level 4.3 Summonings
 + Level 4.3 Necromancy
 + Level 4.3 Translocations
 + Level 4.3 Transmutations
 + Level 4.3 Fire Magic
 + Level 4.3 Ice Magic
 + Level 4.3 Air Magic
 + Level 4.3 Earth Magic
 + Level 4.3 Poison Magic
 + Level 5.7 Invocations
 + Level 8.4 Evocations
 + Level 4.3 Shapeshifting


You had 19 spell levels left.
You didn't know any spells.
Your spell library contained the following spells:

 Spells                   Type           Power      Damage    Failure   Level
 Magic Dart               Conj           64%        1d6       3%          1
 Searing Ray              Conj           32%        2d5       4%          2
 Sublimation of Blood     Necr           16%        N/A       4%          2
 Wereblood                Tmut           16%        N/A       4%          2
 Inner Flame              Hex/Fire       16%        N/A       10%         3
 Flame Wave               Conj/Fire      16%        2d7       32%         4
 Fulminant Prism          Conj/Hex       8%         3d7       32%         4
 Sticky Flame             Conj/Fire      16%        2d4       32%         4
 Summon Hydra             Summ           8%         N/A       100%        7


Dungeon Overview and Level Annotations

Branches:
Dungeon (8/15)             Temple (1/1) D:6
   Lair: D:8-11

Altars:
Ashenzari
Cheibriados
Dithmenos
Elyvilon
Fedhas
Gozag
Makhleb
Nemelex Xobeh
Okawaru
Qazlal
Sif Muna
Trog
Vehumet
Wu Jian
Xom
Zin
The Shining One
Jiyva

Shops:
D:2 *   D:8 *

Annotations:
D:8 2 transporters


Innate Abilities, Weirdness & Mutations

You have very sharp teeth.
Your uncanny sense of smell can sniff out nearby items.
Your experience applies equally to all skills.


Message History

The orc wizard is severely wounded.
You hear two shouts!
The orc wizard closely misses you.
You hit the orc wizard. You freeze the orc wizard.
The orc wizard is almost dead.
The orc hits you but does no damage.
The orc priest mumbles some strange prayers to Beogh against you.
Beogh smites you! The orc wizard closely misses you.
You barely miss the orc wizard.
The orc wizard is almost dead.
A two-headed ogre comes into view. It is wielding two +0 giant clubs.
The orc barely misses you.
The orc wizard hits you but does no damage.
The orc closely misses you.
You barely miss the orc wizard.
The orc wizard is severely wounded.
The orc hits you from afar with a +0 trident.
The orc wizard barely misses you.
You completely miss the orc wizard.
The orc wizard is severely wounded.
The wyvern bites you. The wyvern closely misses you.
The orc hits you from afar with a +0 trident.
The orc wizard gestures at you while chanting.
The magic dart hits you.
You hit the orc wizard. You freeze the orc wizard.
You kill the orc wizard!
The wyvern bites you!
The orc hits you from afar with a +0 trident.
The wyvern completely misses you.
You are too injured to fight recklessly!
You are too injured to fight recklessly!
You are too injured to fight recklessly!
You are too injured to fight recklessly!
You are too injured to fight recklessly!
You are too injured to fight recklessly!
The wyvern attacks as it pursues you! The wyvern bites you!
* * * LOW HITPOINT WARNING * * *
The two-headed ogre barely misses you.
The two-headed ogre hits you with a +0 giant club!!
You die...

### ######
#####.. ..... ∆ ∆
..##.# #..# ##
#.##.###..###
#.##.##.#......#
# #........#.O#
#. ##..##....@l#
#.#
##.#######)oo...#
..###..#
###o..... #.#.###
###... #.## ..
#.# #######
####.#### #.....#
∆ #.......#
#.....# #.##.##.#
#.....#


You could see a two-headed ogre, a wyvern, an orc priest and 2 orcs.

Vanquished Creatures
  A two-headed ogre (D:6)
  Menkaure (D:4)
  3 water moccasins
  Duvessa (D:5)
  2 orc warriors
  3 black bears
  An ice beast (D:6)
  3 ogres
  3 centaurs
  A phantom (D:7)
  A bullfrog (D:7)
  10 wights
  2 jellies
  6 hounds
  4 orc priests
  2 gnoll boudas
  Jessica (D:3)
  Ijyb (D:4)
  2 iguanas
  Natasha (thrice) (D:4)
  8 orc wizards
  7 adders
  10 gnolls
  3 shadow imps
  2 white imps
  2 worms (D:2)
  A dart slug (D:2)
  30 orcs
  8 endoplasms
  5 giant cockroaches
  8 goblins
  7 hobgoblins
  4 jackals
  7 quokkas
  4 ball pythons
  8 bats
  3 frilled lizards
  3 kobolds (D:3)
  5 rats
176 creatures vanquished.

Vanquished Creatures (collateral kills)
  Dowan (D:5)
  A jelly (D:5)
  A hound (D:5)
  A gnoll (D:7)
4 creatures vanquished.

Vanquished Creatures (others)
  Grinder (D:6)
  A gnoll bouda (D:7)
  An orc (D:6)
3 creatures vanquished.

Grand Total: 183 creatures vanquished

Notes
Turn   | Place    | Note
-------+----------+-------------------------------------------
     0 | D:1      | cforsyth the Gnoll Artificer began the quest for the Orb.
     0 | D:1      | Reached XP level 1. HP: 17/17 MP: 1/1
   119 | D:1      | Found a faded altar of an unknown god.
   155 | D:1      | Reached XP level 2. HP: 14/23 MP: 2/2
  1155 | D:2      | Reached XP level 3. HP: 26/28 MP: 3/3
  1243 | D:2      | Reached skill level 1 in Invocations
  1414 | D:2      | Found Neny's Assorted Antiques.
  1419 | D:2      | Bought a scroll labelled TIURCH TEN XIE for 25 gold pieces
  1419 | D:2      | Bought a glowing green potion for 22 gold pieces
  1452 | D:2      | Reached skill level 1 in Short Blades
  1452 | D:2      | Reached skill level 1 in Long Blades
  1452 | D:2      | Reached skill level 1 in Axes
  1452 | D:2      | Reached skill level 1 in Maces & Flails
  1452 | D:2      | Reached skill level 1 in Polearms
  1452 | D:2      | Reached skill level 1 in Staves
  1452 | D:2      | Reached skill level 1 in Ranged Weapons
  1452 | D:2      | Reached skill level 1 in Throwing
  1452 | D:2      | Reached skill level 1 in Shields
  1452 | D:2      | Reached skill level 1 in Unarmed Combat
  1452 | D:2      | Reached skill level 1 in Spellcasting
  1576 | D:2      | Reached XP level 4. HP: 34/34 MP: 5/5
  2259 | D:3      | Reached skill level 1 in Conjurations
  2259 | D:3      | Reached skill level 1 in Hexes
  2259 | D:3      | Reached skill level 1 in Summonings
  2259 | D:3      | Reached skill level 1 in Necromancy
  2259 | D:3      | Reached skill level 1 in Translocations
  2259 | D:3      | Reached skill level 1 in Transmutations
  2259 | D:3      | Reached skill level 1 in Fire Magic
  2259 | D:3      | Reached skill level 1 in Ice Magic
  2259 | D:3      | Reached skill level 1 in Air Magic
  2259 | D:3      | Reached skill level 1 in Earth Magic
  2259 | D:3      | Reached skill level 1 in Poison Magic
  2259 | D:3      | Reached skill level 1 in Shapeshifting
  2439 | D:3      | Reached XP level 5. HP: 14/41 MP: 5/7
  2642 | D:3      | Found a bloodstained altar of Trog.
  2708 | D:3      | Found a shadowy altar of Dithmenos.
  2913 | D:3      | Noticed Jessica
  2918 | D:3      | Killed Jessica
  3074 | D:4      | Reached XP level 6. HP: 41/47 MP: 8/8
  3081 | D:4      | Reached skill level 5 in Armour
  3272 | D:4      | Noticed a black bear
  3284 | D:4      | Killed a black bear
  3285 | D:4      | Reached XP level 7. HP: 16/52 MP: 10/10
  3355 | D:4      | Reached skill level 7 in Evocations
  3395 | D:4      | Noticed Menkaure
  3401 | D:4      | Noticed Natasha
  3404 | D:4      | Killed Menkaure
  3404 | D:4      | Killed Natasha
  3412 | D:4      | Noticed Natasha
  3427 | D:4      | Killed Natasha
  3550 | D:4      | Noticed Natasha
  3553 | D:4      | Noticed Ijyb
  3659 | D:4      | Killed Natasha
  3673 | D:4      | Killed Ijyb
  3674 | D:4      | Reached XP level 8. HP: 38/60 MP: 12/12
  3841 | D:5      | Entered Level 5 of the Dungeon
  4052 | D:5      | Noticed Duvessa
  4056 | D:5      | Noticed Dowan
  4062 | D:5      | Killed Dowan
  4087 | D:5      | Killed Duvessa
  4402 | D:5      | Reached skill level 5 in Ranged Weapons
  4957 | D:5      | Reached XP level 9. HP: 25/57 MP: 14/14
  5376 | D:6      | Noticed a two-headed ogre
  5383 | D:6      | Killed a two-headed ogre
  5384 | D:6      | Reached skill level 5 in Fighting
  5384 | D:6      | Reached skill level 5 in Dodging
  5384 | D:6      | Reached skill level 5 in Stealth
  5830 | D:5      | Reached skill level 8 in Evocations
  6076 | D:6      | Noticed Grinder
  6090 | D:6      | Paralysed by Grinder for 5 turns
  6101 | D:6      | Your ally Grinder died
  6109 | D:6      | Reached skill level 5 in Invocations
  6212 | D:6      | Found a staircase to the Ecumenical Temple.
  6329 | Temple   | Entered the Ecumenical Temple
  7104 | D:7      | Reached XP level 10. HP: 61/74 MP: 17/17
  7210 | D:7      | Reached skill level 5 in Short Blades
  7210 | D:7      | Reached skill level 5 in Long Blades
  7210 | D:7      | Reached skill level 5 in Axes
  7210 | D:7      | Reached skill level 5 in Maces & Flails
  7210 | D:7      | Reached skill level 5 in Polearms
  7210 | D:7      | Reached skill level 5 in Staves
  7210 | D:7      | Reached skill level 5 in Throwing
  7210 | D:7      | Reached skill level 5 in Shields
  7210 | D:7      | Reached skill level 5 in Unarmed Combat
  7210 | D:7      | Reached skill level 5 in Spellcasting
  7464 | D:7      | Found a burning altar of Makhleb.
  7901 | D:8      | Found Vuawuc's CLEARANCE SALE!.
  7944 | D:8      | Found a viscous altar of Jiyva.
  8029 | D:8      | Found an opulent altar of Gozag.
  8098 | D:8      | Found a transporter.
  8099 | D:8      | Found a transporter.
  8103 | D:8      | Noticed a glowing orange brain
  8186 | D:8      | Noticed a two-headed ogre
  8190 | D:8      | Slain by a two-headed ogre

Illustrated notes

Levels and vault maps discovered:
D:1:      minmay_arrival_nine_rooms, layout_basic,
          hellmonk_ecumenical_altar_arch_garden,
          amcnicky_mini_rare_corridor_liquid, minmay_misc_feat_rows,
          roderic_nine_men_s_morris, hangedman_decor_diamond_cutter
D:2:      layout_loops_ring, serial_shops, shop, minivault_11
D:3:      layout_basic, mainiacjoe_overflow_chevrons,
          mainiacjoe_overflow_cross_hatched, serial_bayou_pond_b, uniq_jessica
D:4:      layout_basic, uniq_ijyb, uniq_natasha, uniq_menkaure
D:5:      layout_basic, uniq_duvessa
D:6:      layout_cave_pools, temple_green, minivault_27, uniq_grinder
D:7:      layout_loops_ring, lemuel_coloured_pillars_altar
D:8:      gammafunk_jiyva_shrine, layout_loops_cross, kennysheep_mini,
          david_lair_shrubbed, nicolae_shop_clearance
Temple:   compressed_dpeg_triangle_lava_temple

Skill      XL: |  1  2  3  4  5  6  7  8  9 10 |
---------------+-------------------------------+-----
Invocations    | 1 2 3 4 5 |  5.7
Short Blades   | 1 2 3 4 5 |  5.2
Long Blades    | 1 2 3 4 5 |  5.2
Axes           | 1 2 3 4 5 |  5.2
Maces & Flails | 1 2 3 4 5 |  5.2
Polearms       | 1 2 3 4 5 |  5.2
Staves         | 1 2 3 4 5 |  5.2
Ranged Weapons | 1 2 3 4 5 6 7 |  7.4
Throwing       | 1 2 3 4 5 |  5.2
Shields        | 1 2 3 4 5 |  5.2
Unarmed Combat | 1 2 3 4 5 |  5.2
Spellcasting   | 1 2 3 4 5 |  5.2
Conjurations   | 1 2 3 4 |  4.3
Hexes          | 1 2 3 4 |  4.3
Summonings     | 1 2 3 4 |  4.3
Necromancy     | 1 2 3 4 |  4.3
Translocations | 1 2 3 4 |  4.3
Transmutations | 1 2 3 4 |  4.3
Fire Magic     | 1 2 3 4 |  4.3
Ice Magic      | 1 2 3 4 |  4.3
Air Magic      | 1 2 3 4 |  4.3
Earth Magic    | 1 2 3 4 |  4.3
Poison Magic   | 1 2 3 4 |  4.3
Shapeshifting  | 1 2 3 4 |  4.3
Fighting       | 3 4 5 |  5.8
Dodging        | 3 4 5 |  5.8
Stealth        | 3 4 5 |  5.7
Armour         | 5 6 7 |  7.0
Evocations     | 7 8 |  8.4

Action                     |  1- 3 |  4- 6 |  7- 9 | 10-12 || total
---------------------------+-------+-------+-------+-------++-------
  Melee: Club              |   195 |   141 |     5 |       ||   341
         Bite              |    20 |    31 |    63 |    14 ||   128
         Punch             |     2 |     3 |    13 |     6 ||    24
         Short sword       |       |   145 |   532 |       ||   677
         Long sword        |       |       |    41 |   115 ||   156
  Evoke: Wand              |       |     8 |    30 |     3 ||    41
    Use: Scroll            |       |       |    11 |       ||    11
   Stab: Sleeping          |     4 |     3 |     3 |     3 ||    13
 Armour: Leather armour    |    47 |    15 |   106 |    25 ||   193
         Chain mail        |       |   206 |    86 |       ||   292
  Dodge: Dodged            |   139 |   150 |   308 |    91 ||   688

Table legend: (Time is in decaauts)
 A = Elapsed time spent in this place.
 B = Non-inter-level travel time spent in this place.
 C = Inter-level travel time spent in this place.
 D = Time resting spent in this place.
 E = Time spent auto-exploring this place.
 F = Levels seen in this place.
 G = Mean time per level.
                   A        B        C        D        E       F      G
               +--------+--------+--------+--------+--------+-----+--------+
         Total |   8199 |   8001 |    198 |    768 |   4987 |   9 |  911.0 |
       Dungeon |   8190 |   7997 |    193 |    768 |   4987 |   8 | 1023.8 |
        Temple |      9 |      4 |      5 |      0 |      0 |   1 |    9.0 |
               +--------+--------+--------+--------+--------+-----+--------+

Top non-repeatable levels by time:
     D:5: 1676 daAuts
     D:2: 1174 daAuts
     D:1: 1113 daAuts
     D:7: 982 daAuts
     D:6: 928 daAuts
     D:4: 897 daAuts
     D:3: 874 daAuts
     D:8: 544 daAuts
  Temple: 9 daAuts
